 Dungeon Crawl Stone Soup version 0.32-a0-928-g1cae6b7ea0 (webtiles) character file.

Game seed: 12938667552666000350

116 greenreed the Ruffian (level 5, -1/38 HPs)
             Began as a Djinni Shapeshifter on Apr 12, 2024.
             Slain by a gnoll
             ... wielding a +0 flail
             ... led by a gnoll bouda
              (6 damage)
             ... on level 4 of the Dungeon.
             The game lasted 00:09:15 (2955 turns).

greenreed the Ruffian (Djinni Shapeshifter)         Turns: 2955, Time: 00:09:16

Health: -1/38      AC:  2    Str: 15    XL:     5   Next: 20%
Gold:   95         EV: 11    Int: 12    God:
                   SH:  0    Dex: 12

rFire   + +          .
                       - Unarmed
rCold   x . .        (no shield)
rNeg    . . .        a - +0 animal skin
rPois   ∞            (helmet currently unavailable)
rElec   .            (cloak currently unavailable)
rCorr   .            (gloves currently unavailable)
SInv    .            (boots unavailable)
Will    +....        (no amulet)
Stlth   +            q - ring of willpower
HPRegen 0.26/turn    (no ring)

%: infuse magic (-2 HP)
@: beast-form, flying
A: beast (slay +1), flying, sickness immunity, fire resistance 2, cold
vulnerability 1, float, innate caster, HP casting, extra vitality 1
a: Begin Untransformation


You were on level 4 of the Dungeon.
You were a hulking beast.
You visited 1 branch of the dungeon, and saw 4 of its levels.

You collected 95 gold pieces.

Inventory:

Armour
 a - a +0 animal skin (worn)
Jewellery
 q - a ring of willpower (left hand)
 r - a ring of fire
Talismans
 c - a beast talisman (active)
 d - a flux talisman
Wands
 l - a wand of polymorph (9)
Scrolls
 e - a scroll of fog {unknown}
 f - 2 scrolls of teleportation {unknown}
 g - 2 scrolls of poison {unknown}
 j - a scroll of noise {unknown}
 n - a scroll of identify {unknown}
 p - a scroll of torment {unknown}
Potions
 b - a potion of lignification
 h - a potion of heal wounds {unknown}
 i - a potion of magic {unknown}
 k - a potion of berserk rage {unknown}
 m - a potion of might {unknown}
 o - a potion of haste {unknown}


   Skills:
 + Level 1.9 Fighting
 + Level 2.9 Dodging
 * Level 3.9 Unarmed Combat
 + Level 0.8 Spellcasting
 + Level 0.8 Conjurations
 + Level 0.8 Hexes
   Level 0.0 Charms
 + Level 0.8 Summonings
 + Level 0.8 Necromancy
 + Level 0.8 Translocations
   Level 0.0 Transmutations
 + Level 0.8 Fire Magic
 + Level 0.8 Ice Magic
 + Level 0.8 Air Magic
 + Level 0.8 Earth Magic
 + Level 0.8 Alchemy
 + Level 3.1 Shapeshifting


You knew the following spells:

 Your Spells              Type           Power      Damage    Failure   Level
a - Summon Small Mammal   Summ           8%         N/A       22%         1
b - Lesser Beckoning      Tloc           4%         N/A       32%         2
Your spell library was empty.

Dungeon Overview and Level Annotations

Branches:
Dungeon (4/15)
 Temple: D:4-7

Altars:
Wu Jian
Yredelemnul

Annotations:
D:3 Grinder, Ijyb


Innate Abilities, Weirdness & Mutations

You are a hulking beast.
Your limbs bulge with bestial killing power. (Slay +1)
You are flying.
You are immune to sickness and miasma.
You are immune to poison.
Your flesh is very heat resistant. (rF++)
You are vulnerable to cold. (rC-)
You float through the air rather than walking.
You learn spells naturally, not from books.
Your magical power is your life essence.
You have superior vitality. (+4 MHP)


Message History

The orc is severely wounded.
The orc misses you.
You hit the orc.
You kill the orc!
The gnoll throws a throwing net.
The throwing net barely misses you.
You swap places.
Your bat barely misses the gnoll. x2
The gnoll hits your bat with a +0 flail.
Your bat dies!
Your bat's corpse disappears in a puff of smoke!
You closely miss the gnoll.
Your bat barely misses the gnoll.
The gnoll hits you with a +0 flail!
You hit the gnoll but do no damage.
Your bat completely misses the gnoll.
The gnoll hits you with a +0 flail!
You hit the gnoll.
The gnoll is moderately wounded.
The gnoll hits you with a +0 flail.
A gnoll comes into view.
It is wielding a +0 flail and quivering a throwing net.
Your bat hits the gnoll.
Unknown command.
Your bat closely misses the gnoll.
The gnoll attacks as it pursues you! The gnoll hits you with a +0 flail.
* * * LOW HITPOINT WARNING * * *
Unknown command.
Your bat hits the gnoll but does no damage.
Unknown command.
Aiming: Polymorph
Press: ? - help, Shift-Dir - straight line, f - gnoll
Aim: a gnoll, wielding a +0 flail (moderately wounded, ally target, will become an iguana, a river rat, or a quokka, chance to affect: 57%)
The gnoll resists with significant effort.
Your bat hits the gnoll but does no damage.
The gnoll hits you with a +0 flail!
* * * LOW HITPOINT WARNING * * *
Unknown command.
Aiming: Polymorph
Press: ? - help, Shift-Dir - straight line, f/p - gnoll
Aim: a gnoll, wielding a +0 flail (moderately wounded, ally target, will become an iguana, a river rat, or a quokka, chance to affect: 57%)
The gnoll resists with significant effort.
Your bat hits the gnoll but does no damage.
The gnoll hits you with a +0 flail.
You die...

######## #......#
#.####.## ##.......#
......#.<#
##(##....#####.#
#h####........#
##.###g......#######
#....g.......#
#.g###b####### ..
#.# #)# #.# ..# ###


You could see 2 gnolls and a friendly bat (summoned).

Vanquished Creatures
  A bombardier beetle (D:3)
  A gnoll (D:1)
  An adder (D:3)
  2 ribbon worms
  4 dart slugs
  2 orcs (D:4)
  2 endoplasms
  A giant cockroach (D:2)
  2 goblins
  4 hobgoblins
  2 quokkas
  7 ball pythons
  6 bats
  6 frilled lizards
  5 kobolds
  7 rats
53 creatures vanquished.

Vanquished Creatures (collateral kills)
  A ball python (D:2)
  A rat (D:2)
2 creatures vanquished.

Grand Total: 55 creatures vanquished

Notes
Turn   | Place    | Note
-------+----------+-------------------------------------------
     0 | D:1      | greenreed the Djinni Shapeshifter began the quest for the
                  | Orb.
     0 | D:1      | Reached XP level 1. HP: 17/17 MP: 0/0
    95 | D:1      | Reached XP level 2. HP: 22/22 MP: 0/0
   605 | D:1      | Reached XP level 3. HP: 14/27 MP: 0/0
   605 | D:1      | Learned a level 1 spell: Summon Small Mammal
  1308 | D:2      | Found a basalt altar of Yredelemnul.
  1481 | D:2      | Identified the -2 pair of gloves "Muigo" {Dex+3}
  1505 | D:2      | Reached XP level 4. HP: 21/32 MP: 0/0
  1858 | D:3      | Noticed Ijyb
  2082 | D:3      | Noticed Grinder
  2369 | D:3      | Paralysed by Grinder for 5 turns
  2384 | D:3      | Paralysed by Grinder for 5 turns
  2566 | D:3      | Reached XP level 5. HP: 35/38 MP: 0/0
  2566 | D:3      | Learned a level 2 spell: Lesser Beckoning
  2580 | D:3      | Found an ornate altar of the Wu Jian Council.
  2581 | D:3      | Found a basalt altar of Yredelemnul.
  2694 | D:3      | Paralysed by Grinder for 2 turns
  2955 | D:4      | Slain by a gnoll

Illustrated notes

Levels and vault maps discovered:
D:1:      scummos_arrival_simple_fountains, layout_basic
D:2:      layout_loops_corners, basic_altar, kennysheep_generic_room_12
D:3:      layout_rooms, minitemple, minmay_liquid_box, uniq_grinder, uniq_ijyb
D:4:      layout_loops_cross, bloody_makhleb,
          serial_library_hellmonk_double_dead_end

Skill      XL: |  1  2  3  4 |
---------------+-------------+-----
Shapeshifting  | 3 |  3.1
Fighting       | |  1.9
Dodging        | |  2.9
Unarmed Combat | |  3.9
Spellcasting   | |  0.8
Conjurations   | |  0.8
Hexes          | |  0.8
Summonings     | |  0.8
Necromancy     | |  0.8
Translocations | |  0.8
Fire Magic     | |  0.8
Ice Magic      | |  0.8
Air Magic      | |  0.8
Earth Magic    | |  0.8
Alchemy        | |  0.8

Action                     |  1- 3 |  4- 6 || total
---------------------------+-------+-------++-------
  Melee: Unarmed           |    82 |    72 ||   154
   Cast: Summon Small Mamm |     7 |    14 ||    21
         Lesser Beckoning  |       |     2 ||     2
  Evoke: Wand              |       |     2 ||     2
   Stab: Sleeping          |     1 |       ||     1
         Distracted        |       |     1 ||     1
 Armour: Animal skin       |    35 |    45 ||    80
  Dodge: Dodged            |    33 |    52 ||    85

Table legend: (Time is in decaauts)
 A = Elapsed time spent in this place.
 B = Non-inter-level travel time spent in this place.
 C = Inter-level travel time spent in this place.
 D = Time resting spent in this place.
 E = Time spent auto-exploring this place.
 F = Levels seen in this place.
 G = Mean time per level.
                   A        B        C        D        E       F      G
               +--------+--------+--------+--------+--------+-----+--------+
         Total |   2943 |   2845 |     98 |    343 |   1902 |   4 |  735.8 |
       Dungeon |   2943 |   2845 |     98 |    343 |   1902 |   4 |  735.8 |
               +--------+--------+--------+--------+--------+-----+--------+

Top non-repeatable levels by time:
     D:2: 1038 daAuts
     D:3: 970 daAuts
     D:1: 899 daAuts
     D:4: 35 daAuts
